Map: Blackburn LE

Players

HeroMarine

  • Race: Terran Terran
  • League: Master

BlyOnFire (Bly) - Winner!

  • Race: Zerg Zerg

VOD

Have the link to the VOD?

Description

Time

  • Played on: Oct. 21, 2021, 7:16 a.m.
  • Length: 18:36
Show
View Real Time Build Order
Export as new Build Order

HeroMarine Terran 

Build Orders: Reaper Expand 

Get SALT Encoding   

  12  0:00  SCV  
  13  0:12  SCV  
  14  0:17  Supply Depot  
  14  0:24  SCV  
  15  0:38  SCV  
  15  0:40  Barracks  
  16  0:43  Refinery  
  16  0:50  SCV  
  17  1:03  SCV  
  18  1:15  SCV  
  19  1:27  Reaper, Orbital Command  
  20  1:40  Command Center  
  20  1:49  Supply Depot  
  20  1:53  SCV  
  21  1:59  Marine  
  22  2:05  SCV  
  23  2:08  Factory  
  23  2:14  Refinery  
  23  2:17  SCV  
  23  2:20  Barracks Reactor  
  24  2:29  SCV  
  25  2:41  SCV  
  26  2:53  Starport, SCV, Orbital Command  
  27  2:58  Marine x2  
  27  2:59  Widow Mine  
  32  3:05  SCV  
  32  3:16  Marine x2  
  32  3:17  SCV  
  32  3:19  SCV  
  36  3:22  Factory Tech Lab  
  36  3:24  Supply Depot  
  36  3:29  Medivac, SCV  
  36  3:31  SCV  
  36  3:34  Marine x2  
  42  3:42  SCV  
  42  3:43  SCV  
  42  3:46  Supply Depot  
  44  3:54  SCV  
  46  3:55  SCV  
  46  3:57  Factory Reactor  
  46  3:58  Barracks  
  46  4:01  Barracks  
  46  4:03  Stimpack  
  46  4:04  Marine  
  46  4:06  SCV  
  46  4:07  SCV  
  48  4:10  Engineering Bay  
  48  4:12  Starport Reactor  
  48  4:14  Supply Depot  
  48  4:18  SCV  
  48  4:19  SCV  
  50  4:25  Marine  
  50  4:30  SCV  
  51  4:32  SCV  
  50  4:41  Terran Infantry Weapons Level 1, Factory Tech Lab, Bunker  
  50  4:42  Supply Depot, SCV  
  50  4:43  Marine  
  50  4:44  SCV  
  53  4:50  Marine x2, Refinery  
  55  4:54  SCV  
  55  4:56  Viking, SCV  
  55  4:58  Medivac  
  55  4:59  Marine  
  61  5:00  Marine  
  61  5:01  Marine  
  64  5:08  Marine  
  64  5:09  Supply Depot  
  64  5:11  Marine  
  64  5:14  Siege Tank  
  69  5:16  Supply Depot  
  69  5:17  Marine  
  69  5:18  Marine  
  72  5:27  Marine x2  
  73  5:29  Marine  
  73  5:35  Marine  
  74  5:36  Marine  
  74  5:39  Command Center  
  76  5:43  Medivac, Combat Shield  
  76  5:44  Marine  
  76  5:45  Marine  
  76  5:47  Refinery  
  80  5:56  Marine x3  
  83  5:57  Medivac  
  83  5:59  Supply Depot, SCV x2  
  83  6:02  Marine x2  
  89  6:08  Siege Tank  
  92  6:11  SCV x2  
  92  6:13  Supply Depot  
  94  6:21  Marine x4  
  94  6:24  Marine  
  99  6:29  Medivac  
  99  6:32  SCV x2  
  96  6:35  Missile Turret, Terran Infantry Armor Level 1  
  96  6:37  Missile Turret  
  96  6:38  Marine x2  
  93  6:42  Marine  
  93  6:44  Marine x2  
  95  6:55  Medivac  
  95  6:56  Marine x2  
  95  6:59  Factory Reactor, Medivac  
  95  7:00  Marine  
  102  7:02  Marine x2  
  102  7:05  SCV  
  102  7:07  SCV  
  98  7:17  Marine x2  
  98  7:20  Marine x2  
  85  7:23  SCV x2  
  85  7:25  Marine  
  85  7:26  Orbital Command  
  88  7:34  Marine  
  88  7:35  Marine  
  90  7:38  Marine x2  
  90  7:39  Liberator  
  90  7:40  Widow Mine x2  
  90  7:41  Liberator  
  90  7:43  Marine  
  98  7:45  Orbital Command  
  98  7:52  Marine x2  
  98  7:56  Marine  
  98  7:58  SCV x2  
  103  8:00  Marine  
  103  8:01  Marine, Barracks x2  
  103  8:03  Missile Turret  
  105  8:07  Widow Mine x2  
  105  8:10  Marine x2, SCV  
  105  8:12  SCV x2  
  114  8:13  Marine  
  114  8:15  Missile Turret  
  114  8:18  Marine  
  114  8:19  Supply Depot  
  116  8:21  Supply Depot  
  116  8:22  SCV  
  116  8:24  Marine, SCV  
  119  8:28  Marine  
  119  8:30  Liberator  
  119  8:32  Liberator  
  129  8:34  Widow Mine x2  
  129  8:35  Marine  
  130  8:43  Marine  
  130  8:44  Marine  
  130  8:48  SCV x3  
  125  8:50  Marine x2  
  125  8:53  Marine  
  125  8:55  Barracks Reactor  
  125  8:56  Barracks Reactor, Armory  
  125  8:58  Engineering Bay  
  125  9:00  SCV x3  
  125  9:01  Marine x2  
  130  9:08  Marine x2  
  129  9:14  Marine  
  132  9:19  Marine, Widow Mine  
  132  9:21  Medivac, Widow Mine  
  132  9:22  Medivac  
  132  9:23  Marine  
  138  9:25  SCV x2  
  138  9:29  Marine  
  127  9:35  Marine x2  
  127  9:37  Marine, SCV x2  
  127  9:38  Marine x2  
  129  9:40  Marine  
  129  9:43  Marine  
  129  9:44  Marine  
  133  9:47  Marine  
  133  9:51  Widow Mine  
  134  9:53  Marine x2  
  134  9:55  Marine  
  134  9:58  Marine  
  136  10:00  Marine  
  136  10:01  Marine x2  
  137  10:09  Widow Mine  
  137  10:12  Widow Mine  
  141  10:16  Marine x6  
  147  10:21  Marine  
  147  10:27  Marine x2  
  133  10:33  Marine, Medivac, Widow Mine x2  
  133  10:34  Marine  
  115  10:36  Marine x2  
  115  10:38  Marine  
  115  10:40  Marine x2  
  114  10:45  Marine x2  
  116  10:51  Marine  
  110  11:09  Terran Infantry Weapons Level 2  
  110  11:10  Terran Infantry Armor Level 2  
  99  11:13  Marine  
  99  11:15  Command Center  
  99  11:17  Medivac  
  99  11:18  Medivac  
  104  11:28  SCV x2  
  106  11:38  Thor  
  112  11:40  SCV x2  
  112  11:43  Factory  
  111  11:52  SCV x2  
  108  11:58  Marine  
  108  12:01  Marine x2  
  109  12:04  SCV x2  
  109  12:06  Missile Turret  
  108  12:16  SCV x2  
  113  12:24  Thor  
  113  12:28  SCV x2, Orbital Command  
  116  12:31  Factory Reactor  
  116  12:34  Drilling Claws  
  116  12:37  Marine  
  116  12:41  Marine x2  
  120  12:44  Marine x3, Missile Turret  
  120  12:48  Supply Depot  
  122  12:56  Medivac x2  
  124  12:59  Terran Vehicle Weapons Level 1  
  124  13:01  Marine x3  
  131  13:11  Widow Mine x2  
  131  13:15  Thor  
  134  13:31  Medivac x2  
  134  13:33  SCV  
  134  13:34  SCV  
  135  13:37  Widow Mine  
  135  13:38  Widow Mine  
  138  13:46  SCV x2  
  138  13:53  Missile Turret  
  138  13:55  Marine x2  
  139  13:58  SCV x2, Thor  
  139  13:59  Marine  
  139  14:00  Orbital Command  
  139  14:01  Orbital Command  
  149  14:03  Missile Turret  
  149  14:07  Missile Turret  
  149  14:08  Marine  
  150  14:13  Terran Infantry Weapons Level 3  
  151  14:23  SCV  
  149  14:27  Marine x3  
  149  14:30  SCV  
  149  14:31  SCV  
  150  14:32  Missile Turret  
  150  14:35  SCV  
  149  14:43  SCV  
  144  14:48  Widow Mine x2  
  149  14:56  Missile Turret, Thor  
  149  14:59  Medivac  
  155  15:01  Medivac  
  155  15:12  Refinery x2  
  155  15:13  Barracks Tech Lab  
  155  15:19  Barracks Tech Lab  
  155  15:23  SCV  
  155  15:24  SCV x2  
  155  15:25  Supply Depot x2  
  155  15:26  Marine x2  
  155  15:27  Marine x2  
  155  15:29  Widow Mine x2  
  159  15:37  Marauder  
  159  15:38  Marauder, Concussive Shells  
  159  15:41  Marauder  
  164  15:43  Marine  
  164  15:47  Thor  
  171  15:55  Marine x2  
  171  15:56  Marine  
  174  15:58  Sensor Tower  
  175  16:04  Marauder  
  175  16:05  Marauder  
  175  16:07  Sensor Tower  
  175  16:09  Marauder  
  182  16:24  Missile Turret  
  181  16:26  Marauder x2  
  181  16:30  Marauder  
  167  16:47  Marauder, Command Center  
  167  16:48  Marauder  
  167  16:51  Starport, Marauder  
  175  16:54  Widow Mine x3  
  175  16:56  Medivac  
  175  16:59  Medivac  
  175  17:00  Orbital Command  
  181  17:08  Marine x2, Marauder  
  185  17:09  Marauder  
  185  17:13  Marine, Marauder  
  185  17:19  SCV  
  185  17:20  SCV  
  178  17:35  Starport Reactor  
  178  17:37  Supply Depot  
  178  17:42  Marauder x2  
  178  17:44  Marine x2  
  164  17:54  Marine  
  164  17:57  Marine  
  164  17:58  Marauder, Widow Mine x2  
  163  18:01  Marine  
  163  18:02  Marine  
  163  18:03  Marauder  
  163  18:04  Marauder  
  128  18:07  Widow Mine  
  128  18:12  Marine  
  110  18:15  Marine  
Show
View Real Time Build Order
Export as new Build Order

BlyOnFire Zerg - Winner!

Build Orders: Hatch First 

Get SALT Encoding   

  12  0:00  Drone  
  13  0:12  Overlord  
  13  0:20  Drone  
  14  0:31  Drone x2  
  16  0:49  Hatchery  
  15  0:53  Drone  
  15  0:56  Drone  
  17  1:00  Drone  
  18  1:10  Extractor  
  17  1:15  Spawning Pool  
  17  1:18  Drone  
  17  1:21  Drone  
  18  1:28  Drone  
  19  1:38  Drone  
  20  1:53  Overlord  
  20  2:02  Queen x2, Zergling x4  
  26  2:10  Drone  
  26  2:14  Drone, Metabolic Boost  
  28  2:21  Drone  
  29  2:24  Drone  
  30  2:37  Queen  
  30  2:40  Queen  
  30  2:42  Drone  
  30  2:43  Drone  
  36  2:46  Overlord  
  36  2:50  Overlord  
  36  3:04  Drone x2  
  38  3:06  Drone x2  
  40  3:13  Drone  
  40  3:14  Drone x4  
  45  3:23  Lair  
  45  3:27  Overlord  
  45  3:30  Drone x3  
  48  3:39  Drone  
  49  3:46  Drone x3  
  49  3:47  Drone x2  
  54  3:51  Hatchery  
  54  3:54  Extractor x2  
  51  3:57  Drone x2  
  53  4:06  Drone  
  53  4:07  Drone x3  
  53  4:09  Extractor  
  56  4:13  Overlord  
  56  4:20  Baneling Nest  
  56  4:23  Zergling x10  
  60  4:31  Zergling x8  
  58  4:39  Drone  
  58  4:41  Spire  
  58  4:46  Drone  
  58  4:51  Drone  
  60  5:02  Drone x2  
  60  5:04  Drone x2  
  64  5:11  Drone x4  
  68  5:15  Centrifugal Hooks  
  68  5:19  Overlord  
  68  5:20  Hatchery, Overlord x2  
  67  5:29  Extractor  
  67  5:30  Extractor  
  65  5:37  Queen x2  
  65  5:38  Drone x6  
  74  5:57  Zerg Flyer Weapons Level 1  
  74  5:58  Mutalisk x6  
  86  6:04  Mutalisk  
  86  6:06  Mutalisk  
  86  6:10  Baneling  
  90  6:13  Overlord x2  
  87  6:30  Mutalisk x2  
  87  6:32  Zergling x18  
  95  6:41  Zergling x8  
  99  6:47  Zergling x16  
  99  6:52  Baneling x2  
  99  6:53  Baneling x4  
  107  6:56  Zergling x6  
  107  7:00  Zergling x2  
  111  7:02  Baneling x6  
  111  7:04  Baneling x2  
  111  7:07  Overlord  
  107  7:09  Overlord  
  98  7:22  Zergling x18  
  98  7:28  Mutalisk x2  
  98  7:38  Drone x4  
  102  7:45  Mutalisk x3  
  102  7:50  Burrow  
  108  7:52  Mutalisk x2  
  108  7:53  Evolution Chamber  
  108  7:57  Mutalisk  
  113  7:59  Drone  
  113  8:00  Drone  
  115  8:06  Baneling x2  
  115  8:09  Drone x5  
  120  8:13  Evolution Chamber  
  120  8:16  Overlord x2  
  119  8:20  Zerg Ground Armor Level 1  
  119  8:34  Mutalisk x6  
  126  8:49  Zergling x18  
  126  8:52  Baneling x12  
  126  8:55  Overlord x2  
  134  9:13  Overseer x2  
  133  9:19  Zergling x6  
  133  9:20  Zergling x30  
  150  9:25  Baneling x10  
  150  9:26  Baneling  
  139  9:49  Mutalisk x5  
  147  9:55  Hatchery  
  146  10:03  Overlord x4  
  146  10:13  Pneumatized Carapace  
  135  10:34  Zergling x22  
  124  10:40  Zerg Ground Armor Level 2  
  124  10:41  Zerg Melee Weapons Level 1  
  123  10:43  Baneling  
  123  10:44  Baneling x12  
  122  10:55  Zergling x22  
  122  10:56  Baneling x10  
  122  10:57  Baneling x2  
  120  11:03  Overseer  
  120  11:10  Hatchery  
  119  11:26  Hatchery  
  115  11:51  Mutalisk x9  
  133  11:56  Overlord  
  133  11:57  Drone x6  
  139  12:03  Zerg Flyer Weapons Level 2  
  139  12:13  Hatchery  
  139  12:14  Overlord  
  135  12:26  Drone x8  
  143  12:36  Zerg Melee Weapons Level 2  
  141  12:39  Drone x8  
  149  12:49  Baneling x2  
  149  12:53  Mutalisk x6  
  161  12:59  Infestation Pit  
  160  13:08  Baneling x2  
  160  13:09  Baneling x6  
  160  13:10  Zergling x14  
  159  13:25  Mutalisk x3  
  163  13:28  Overlord x2  
  163  13:29  Zergling x18  
  172  13:36  Hive  
  172  13:37  Drone x6  
  178  13:45  Zergling x8  
  182  13:51  Extractor  
  182  13:52  Zergling x10  
  182  13:55  Baneling x12  
  186  13:56  Baneling x4  
  170  14:39  Baneling x2  
  170  14:40  Zergling x40  
  178  14:49  Baneling x35  
  178  14:51  Queen x6  
  190  14:57  Drone x7  
  190  14:59  Extractor  
  196  15:00  Extractor  
  196  15:01  Spore Crawler  
  192  15:09  Overseer x2  
  192  15:12  Zerg Ground Armor Level 3  
  192  15:13  Zergling x16  
  199  15:17  Baneling x4  
  197  15:38  Spine Crawler  
  197  15:39  Baneling x16  
  196  15:44  Zergling x8  
  200  15:53  Zerg Melee Weapons Level 3  
  200  15:54  Extractor  
  199  15:59  Spore Crawler  
  199  16:01  Spine Crawler  
  193  16:24  Ultralisk Cavern  
  192  16:30  Overseer x4  
  165  16:49  Zergling x42  
  165  16:50  Zergling x28  
  165  16:52  Adrenal Glands  
  178  17:29  Zergling x2, Ultralisk x2  
  195  17:30  Zergling x8, Overlord x4  
  195  17:33  Baneling x21  
  195  17:34  Overseer x2, Baneling x3  
  195  17:35  Overlord x3  
  195  17:37  Overlord  
  183  17:47  Zergling x22  
  175  17:59  Zergling x28  
  175  18:00  Overseer  
  170  18:08  Zergling x4  
  138  18:20  Baneling  
  138  18:21  Baneling x20  
  140  18:32  Hatchery  
Tags
 
Add a new tag
Caveats
  • Supply blocks, unpowered buildings, or Contaminate may cause inaccurate times.
  • Supply counts are checked every 10 seconds.